 Dungeon Crawl Stone Soup version 0.31-a0-1589-g8f5e8aebd6 (webtiles) character file.

Game seed: 13275284785524213755

3493 Atlas the Grappler (level 9, -1/83 HPs)
             Began as a Troll Shapeshifter on Jan 5, 2024.
             Slain by a wraith (6 damage)
             ... while petrified by a basilisk
             ... on level 8 of the Dungeon.
             The game lasted 00:06:21 (6015 turns).

Atlas the Grappler (Troll Shapeshifter)             Turns: 6015, Time: 00:06:22

Health: -1/83      AC:  4    Str: 28    XL:     9   Next: 80%
Magic:  8/8        EV:  1    Int:  6    God:
Gold:   509        SH:  0    Dex: 15    Spells: 8/8 levels left

rFire   . .          .
                       - Unarmed
rCold   . . .        (no shield)
rNeg    + + +        a - +0 animal skin
rPois   ∞            (helmet currently unavailable)
rElec   .            (cloak currently unavailable)
rCorr   .            (gloves unavailable)
SInv    .            (boots unavailable)
Will    .....        (no amulet)
Stlth   ++           y - +6 ring of dexterity
HPRegen 1.13/turn    (no ring)
MPRegen 0.11/turn

%: no passive effects
@: beast-form, petrified, slowed
A: beast (slay +3), large, unfitting armour, claws 3, regeneration 1, shaggy fur
1, tough skin 1
a: Begin Untransformation


You were on level 8 of the Dungeon.
You were a hulking beast.
You visited 2 branches of the dungeon, and saw 9 of its levels.

You collected 509 gold pieces.

Inventory:

Armour
 a - a +0 animal skin (worn)
Jewellery
 t - a +6 ring of intelligence
 y - a +6 ring of dexterity (left claw)
Talismans
 c - a beast talisman
 d - a flux talisman
 m - a granite talisman
 z - a maw talisman
 C - a serpent talisman
Wands
 w - a wand of roots (8)
Scrolls
 e - 7 scrolls of identify {unknown}
 f - a scroll of vulnerability {unknown}
 h - 3 scrolls of poison {unknown}
 i - a scroll of amnesia {unknown}
 l - 2 scrolls of butterflies {unknown}
 n - 3 scrolls of noise {unknown}
 r - 4 scrolls of teleportation {unknown}
 v - a scroll of fog {unknown}
 B - 3 scrolls of fear {unknown}
Potions
 b - a potion of lignification
 g - 3 potions of invisibility {unknown}
 j - 2 potions of heal wounds {unknown}
 k - a potion of brilliance {unknown}
 o - a potion of degeneration {unknown}
 p - 2 potions of cancellation {unknown}
 q - 4 potions of resistance {unknown}
 s - 5 potions of might {unknown}
 u - 3 potions of curing {unknown}
 x - 2 potions of haste {unknown}
 A - a potion of ambrosia {unknown}


   Skills:
 + Level 3.3 Fighting
 + Level 5.0 Dodging
 - Level 1.0 Stealth
 + Level 10.3 Unarmed Combat
 * Level 6.9 Shapeshifting


You had 8 spell levels left.
You didn't know any spells.
Your spell library contained the following spells:

 Spells                   Type           Power      Damage    Failure   Level
 Magic Dart               Conj           0%         1d3       45%         1
 Cigotuvi's Dreadful Rot  Necr/Alch/Air  0%         N/A       58%         2
 Searing Ray              Conj           0%         2d4       58%         2
 Hailstorm                Conj/Ice       0%         3d5       83%         3
 Summon Ice Beast         Ice/Summ       0%         N/A       83%         3
 Fulminant Prism          Conj/Alch      0%         3d5       99%         4
 Ignite Poison            Fire/Alch      0%         N/A       99%         4
 Freezing Cloud           Conj/Ice/Air   0%         6-21      100%        5
 Sculpt Simulacrum        Ice/Alch       0%         N/A       100%        6
 Ozocubu's Refrigeration  Ice            0%         4d7       100%        7
 Polar Vortex             Ice            0%         N/A       100%        9


Dungeon Overview and Level Annotations

Branches:
Dungeon (8/15)             Temple (1/1) D:7
   Lair: D:8-11

Altars:
Ashenzari
Cheibriados
Dithmenos
Fedhas
Gozag
Hepliaklqana
Kikubaaqudgha
Makhleb
Nemelex Xobeh
Okawaru
Qazlal
Sif Muna
Trog
Uskayaw
Vehumet
Xom
Yredelemnul
The Shining One

Shops:
D:1 (


Innate Abilities, Weirdness & Mutations

You are a hulking beast.
Your limbs bulge with bestial killing power. (Slay +3)
You are immune to poison.
You are too large for most types of armour.
You have claws for hands.
Your natural rate of healing is unusually fast.
You are covered in fur. (AC +1)
You have tough skin. (AC +1)


Message History

You are too injured to fight recklessly!
Unknown command.
You are too injured to fight recklessly!
Unknown command.
Unknown command.
You scratch the wraith but do no damage.
The wraith is heavily damaged.
The basilisk bites you! The wraith hits you but does no damage.
Your limbs are stiffening.
Unknown command.
Unknown command.
Unknown command.
Unknown command.
You barely miss the wraith.
The wraith is heavily damaged.
The basilisk bites you. The wraith completely misses you.
The basilisk bites you. The wraith hits you.
You have turned to stone.
The basilisk bites you. The wraith hits you. The basilisk bites you.
The wraith hits you!
* * * LOW HITPOINT WARNING * * *
The wraith drains your vigour!
You feel as though you will be slow longer.
The basilisk gazes at you. You resist with some effort. The wraith hits you!
* * * LOW HITPOINT WARNING * * *
The wraith drains your vigour!
You feel as though you will be slow longer.
The basilisk bites you!
* * * LOW HITPOINT WARNING * * *
The wraith hits you!
* * * LOW HITPOINT WARNING * * *
The wraith drains your vigour!
You feel as though you will be slow longer.
The basilisk bites you.
* * * LOW HITPOINT WARNING * * *
The wraith hits you!
* * * LOW HITPOINT WARNING * * *
The basilisk gazes at you. The wraith hits you!
You die...

#......# #######....#...#....
#......####.....#....#8...#..8
#...........†.........###+####
#......####.....#.........(...
#......# #.....#.............
#......####.....#.............
#.........)...................
#.............W...............
#............hl...............
#.........#####........###'###
[...###............# #.###
....#.?....####....# #....
...##.........##..# #.###
...#...###.....#..# #....
#..#...#...##..#... #.###
#..#...#.)..#..#...###<###
#......:......#........


You could see a basilisk and a wraith.

Vanquished Creatures
  A gargoyle (D:7)
  Grinder (D:4)
  Sigmund (D:2)
  A steam dragon (D:7)
  An orc warrior (D:6)
  2 sky beasts
  An ice beast (D:7)
  2 black bears
  An ogre (D:6)
  A centaur (D:5)
  7 bullfrogs
  A gnoll sergeant (D:8)
  A kobold brigand (D:7)
  5 scorpions
  A wight (D:7)
  A killer bee (D:7)
  2 howler monkeys (D:7)
  A jelly (D:7)
  4 orc priests
  A bombardier beetle (D:5)
  2 hounds
  3 gnoll boudas (D:7)
  A sleepcap (D:4)
  5 iguanas
  7 orc wizards
  13 gnolls
  4 adders
  A shadow imp (D:4)
  3 white imps
  4 dart slugs
  A ribbon worm (D:4)
  11 orcs
  10 endoplasms
  16 giant cockroaches
  10 goblins
  5 hobgoblins
  3 jackals (D:1)
  4 quokkas
  13 ball pythons
  17 bats
  2 frilled lizards (D:3)
  3 kobolds
  3 rats
177 creatures vanquished.

Notes
Turn   | Place    | Note
-------+----------+-------------------------------------------
     0 | D:1      | Atlas the Troll Shapeshifter began the quest for the Orb.
     0 | D:1      | Reached XP level 1. HP: 18/18 MP: 0/0
   166 | D:1      | Reached XP level 2. HP: 22/23 MP: 1/1
   268 | D:1      | Found Xaulercha's Antique Weapon Shop.
   440 | D:1      | Reached XP level 3. HP: 18/32 MP: 2/2
   820 | D:2      | Noticed Sigmund
   838 | D:2      | Killed Sigmund
   839 | D:2      | Reached skill level 4 in Unarmed Combat
   839 | D:2      | Reached XP level 4. HP: 30/40 MP: 3/3
   839 | D:2      | Reached XP level 5. HP: 34/46 MP: 4/4
  2260 | D:4      | Noticed a black bear
  2265 | D:4      | Noticed Grinder
  2266 | D:4      | Reached skill level 5 in Unarmed Combat
  2266 | D:4      | Reached XP level 6. HP: 54/54 MP: 5/5
  2273 | D:4      | Reached skill level 1 in Fighting
  2297 | D:4      | Killed Grinder
  2298 | D:4      | Reached skill level 6 in Unarmed Combat
  2298 | D:4      | Reached XP level 7. HP: 57/62 MP: 6/6
  2716 | D:4      | Found the +5 robe of Misfortune {Harm *Corrode *Slow EV+5}
  2816 | D:4      | Reached skill level 7 in Unarmed Combat
  3006 | D:5      | Entered Level 5 of the Dungeon
  3090 | D:5      | Reached XP level 8. HP: 13/72 MP: 7/7
  3155 | D:5      | Reached skill level 5 in Shapeshifting
  3222 | D:5      | Found a sparkling altar of Nemelex Xobeh.
  3222 | D:5      | Found an opulent altar of Gozag.
  3293 | D:5      | Identified the +6 dagger "Joeggeh" {pain, +Blink rF- rC+
                  | Dex+2}
  3651 | D:6      | Reached skill level 8 in Unarmed Combat
  4221 | D:7      | Found a staircase to the Ecumenical Temple.
  4270 | Temple   | Entered the Ecumenical Temple
  4522 | D:7      | Reached skill level 1 in Stealth
  4560 | D:7      | Reached XP level 9. HP: 80/80 MP: 8/8
  4675 | D:7      | Reached skill level 9 in Unarmed Combat
  4997 | D:7      | Found a shadowy altar of Dithmenos.
  4997 | D:7      | Found a shimmering blue altar of Sif Muna.
  5301 | D:7      | Noticed a gargoyle
  5305 | D:7      | Killed a gargoyle
  5401 | D:7      | Identified the +4 quarterstaff of Termination {holy, Str+3
                  | Dex+3}
  5725 | D:8      | Reached skill level 10 in Unarmed Combat
  5855 | D:8      | Reached skill level 5 in Dodging
  6014 | D:8      | HP: 4/83 [wraith (6)]
  6015 | D:8      | Slain by a wraith

Illustrated notes

Levels and vault maps discovered:
D:1:      eino_arrival_cavern_a, layout_basic, serial_shops,
          nicolae_shop_just_a_little_nook, serial_bayou_pond_a, minmay_3d_cube
D:2:      layout_loops_corners, uniq_sigmund
D:3:      minmay_roachtagon, layout_loops_ring
D:4:      layout_loops_ring, kennysheep_generic_room_12, uniq_grinder
D:5:      layout_cave_pools, grunt_temple_overflow_opulence
D:6:      layout_basic, roderic_batcave
D:7:      layout_basic, gammafunk_temple_overflow_elements,
          minmay_temple_entry_statues_fountains, st_stairs_4, nzn_random_ring
D:8:      layout_basic, ebering_ghost_inner_flame, nicolae_sextant, minivault_1,
          minmay_radiant
Temple:   jpeg_temple_clearing

Skill      XL: |  1  2  3  4  5  6  7  8  9 |
---------------+----------------------------+-----
Dodging        | 2 3 4 5 |  5.0
Unarmed Combat | 4 5 6 7 8 10 | 10.3
Shapeshifting  | 4 5 6 |  6.9
Fighting       | 1 2 3 |  3.3
Stealth        | 1 |  1.0

Action                     |  1- 3 |  4- 6 |  7- 9 || total
---------------------------+-------+-------+-------++-------
  Melee: Unarmed           |    75 |   108 |   286 ||   469
         Punch             |     2 |     1 |     7 ||    10
   Stab: Sleeping          |     1 |       |       ||     1
         Distracted        |       |       |     2 ||     2
 Armour: Animal skin       |    61 |    60 |   239 ||   360
  Dodge: Dodged            |    36 |    31 |   133 ||   200

Table legend: (Time is in decaauts)
 A = Elapsed time spent in this place.
 B = Non-inter-level travel time spent in this place.
 C = Inter-level travel time spent in this place.
 D = Time resting spent in this place.
 E = Time spent auto-exploring this place.
 F = Levels seen in this place.
 G = Mean time per level.
                   A        B        C        D        E       F      G
               +--------+--------+--------+--------+--------+-----+--------+
         Total |   5958 |   5763 |    195 |      5 |   4749 |   9 |  662.0 |
       Dungeon |   5885 |   5760 |    125 |      5 |   4749 |   8 |  735.6 |
        Temple |     72 |      2 |     70 |      0 |      0 |   1 |   72.0 |
               +--------+--------+--------+--------+--------+-----+--------+

Top non-repeatable levels by time:
     D:7: 1431 daAuts
     D:1: 816 daAuts
     D:2: 815 daAuts
     D:4: 738 daAuts
     D:6: 667 daAuts
     D:3: 614 daAuts
     D:5: 481 daAuts
     D:8: 320 daAuts
  Temple: 72 daAuts
